 Dungeon Crawl Stone Soup version 0.19-a0-465-g1d1674b (webtiles) character file.

149963 mistymad the Unseen (level 16, -10/127 HPs)
             Began as a Vampire Enchanter on June 3, 2016.
             Was a High Priest of Ashenzari.
             Mangled by a spark wasp (13 damage)
             ... on level 4 of the Spider Nest.
             The game lasted 03:01:11 (40568 turns).

mistymad the Unseen (Vampire Enchanter)            Turns: 40568, Time: 03:01:11

Health: -10/127    AC: -8    Str: 12    XL:     16   Next: 97%
Magic:  7/31       EV: 28    Int: 21    God:    Ashenzari [*****.]
Gold:   2007       SH:  9    Dex: 25    Spells: 7 memorised, 14 levels left

rFire  . . .     SeeInvis +     O - +9 quick blade (drain) (curse)
rCold  + + +     Gourm    .     X - +1 scale mail "Lerimowu" {rC+ rN+ Int+2} (curse)
rNeg   + + +     Faith    .     c - +2 buckler {rC+}
rPois  +         Spirit   .     J - +1 helmet "Piuzoza" {rElec Dex+2 SInv} (curse)
rElec  +         Dismiss  .     y - +0 cloak
rCorr  .         Reflect  .     p - +0 pair of gloves
SustAt .         Harm     .     Q - +3 pair of boots of Divine Compulsion {*Drain +Inv Str+5} (curse)
MR     +++..     Clarity  +     T - amulet "Gifeipp" {+Rage MR++ Dex+3} (curse)
Stlth  ++++++++..               U - +4 ring of evasion
                                N - +5 ring of protection

@: lethally poisoned (-10 -> -11), corroded, regenerating slowly, studying
Dodging, extremely resistant to hostile enchantments, extraordinarily stealthy
A: fangs 3, see invisible, unbreathing
a: Bat Form, Curse Item, Scrying, Transfer Knowledge, Renounce Religion, Evoke
Berserk Rage, Evoke Invisibility


You were on level 4 of the Spider Nest.
You worshipped Ashenzari.
Ashenzari was extremely pleased with you.
You were very thirsty.

You visited 5 branches of the dungeon, and saw 30 of its levels.
You also visited: Labyrinth, Ossuary and Ice Cave.

You collected 2538 gold pieces.
You spent 531 gold pieces at shops.

Inventory:

Hand Weapons
 O - a cursed +9 quick blade of draining (weapon)
Missiles
 x - a throwing net (quivered)
Armour
 c - a +2 buckler of cold resistance (worn)
 p - a +0 pair of gloves (worn)
 y - a +0 cloak (worn)
 J - the cursed +1 helmet "Piuzoza" (worn) {rElec Dex+2 SInv}
   (You found it on level 4 of the Dungeon)

   It affects your dexterity (+2).
   It insulates you from electricity.
   It lets you see invisible.
   It has a curse placed upon it.
 Q - the cursed +3 pair of boots of Divine Compulsion (worn) {*Drain +Inv Str+5}
   (You found it in a labyrinth)

   It affects your strength (+5).
   It lets you turn invisible.
   It causes draining when unequipped.
   It has a curse placed upon it.
 X - the cursed +1 scale mail "Lerimowu" (worn) {rC+ rN+ Int+2}
   (You found it in a labyrinth)

   It affects your intelligence (+2).
   It protects you from cold.
   It protects you from negative energy.
   It has a curse placed upon it.
Jewellery
 o - an uncursed ring of protection from cold
 L - an uncursed ring of fire
 N - a +5 ring of protection (left hand)
 T - the cursed amulet "Gifeipp" (around neck) {+Rage MR++ Dex+3}
   (You found it on level 8 of the Lair of Beasts)

   [amulet of rage]

   It affects your dexterity (+3).
   It affects your resistance to hostile enchantments.
   It lets you go berserk.
   It has a curse placed upon it.
 U - a +4 ring of evasion (right hand)
Wands
 q - a wand of slowing (26/48)
 r - a wand of confusion (20/48)
 z - a wand of digging (11/24)
Scrolls
 b - a scroll of identify
 e - 4 scrolls of amnesia
 f - 2 scrolls of enchant weapon
 g - 7 scrolls of magic mapping
 h - 8 scrolls of fog
 n - 6 scrolls of fear
 t - a scroll of silence
 u - a scroll of summoning
 v - 7 scrolls of teleportation
 C - 5 scrolls of remove curse
 I - 12 scrolls of recharging
 K - 3 scrolls of blinking
Potions
 a - 5 potions of haste
 i - 2 potions of beneficial mutation {unknown}
 j - 5 potions of brilliance {unknown}
 k - 4 potions of invisibility {unknown}
 l - 8 potions of heal wounds {unknown}
 m - 13 potions of curing {unknown}
 s - 3 potions of magic {unknown}
 w - 8 potions of agility {unknown}
 A - 6 potions of mutation {unknown}
 B - 3 potions of cure mutation {unknown}
 D - 2 potions of lignification {unknown}
 F - 4 potions of flight {unknown}
 G - 4 potions of might {unknown}
 H - a potion of berserk rage {unknown}
 M - 4 potions of resistance {unknown}
 R - a potion of experience {unknown}
 S - a potion of cancellation {unknown}
Books
 Z - a manual of Dodging


   Skills:
 + Level 11.8 Fighting
 - Level 10.0(13.8) Short Blades
 + Level 5.4(8.1) Armour
 + Level 16.5(18.7) Dodging
 + Level 18.7 Stealth
 + Level 7.5 Shields
 - Level 11.1 Spellcasting
 - Level 1.6 Conjurations
 - Level 16.6 Hexes
 + Level 5.0 Evocations


You had 14 spell levels left.
You knew the following spells:

 Your Spells              Type           Power        Failure   Level  Hunger
a - Corona                Hex            ######.      1%          1    None
b - Ensorcelled Hibernat  Hex/Ice        #####.       1%          2    None
c - Confuse               Hex            ######..     1%          3    None
d - Tukima's Dance        Hex            ######..     1%          3    None
e - Dazzling Spray        Conj/Hex       ######       1%          3    None
f - Darkness              Hex            ######....   4%          6    ######.
g - Silence               Hex/Air        #####.....   21%         5    ####...


Dungeon Overview and Level Annotations

Branches:
Dungeon (15/15)            Temple (1/1) D:5            Lair (8/8) D:9
 Shoals (0/4) Lair:5       Spider (4/4) Lair:5        Slime (0/6) Lair:6
    Orc (2/2) D:9             Elf (0/3) Orc:2        Vaults (0/5) D:14
 Depths (0/5) D:15

Altars:
Ashenzari
Cheibriados
Dithmenos
Elyvilon
Fedhas
Gozag
Hepliaklqana
Kikubaaqudgha
Makhleb
Nemelex Xobeh
Okawaru
Pakellas
Qazlal
Ru
Sif Muna
Trog
Uskayaw
Vehumet
Xom
Yredelemnul
Zin
The Shining One
Beogh

Shops:
D:11 ?   D:13 }   Orc:2 =([*

Portals:
Abyss: D:10
Trove: D:15 (give 6 potions of haste)

Annotations:
Spider:1 exclusion: Roxanne, Roxanne


Innate Abilities, Weirdness & Mutations

You heal slowly.
You have razor-sharp teeth.
You have supernaturally acute eyesight. (SInv)
You can survive without breathing.


Message History

You block the spark wasp's attack.
A wolf spider comes into view.
The spark wasp stings you!!
* * * LOW HITPOINT WARNING * * *
The spark wasp shocks you. You resist.
* * * LOW HITPOINT WARNING * * *
The spark wasp misses you. The demonic crawler barely misses you.
You block the demonic crawler's attack. x2
The spark wasp completely misses you. The demonic crawler hits you!
* * * LOW HITPOINT WARNING * * *
The demonic crawler barely misses you. The demonic crawler misses you.
A wolf spider comes into view.
You feel sick.
The wolf spider moves out of view.
The spark wasp closely misses you.
You block the demonic crawler's attack. x2
The demonic crawler hits you!
* * * LOW HITPOINT WARNING * * *
The spark wasp closely misses you.
The wolf spider hisses angrily.
The spark wasp stings you!
You die...

#........, ,,,
#.....^...,,
,,
#.........,,,
,
#....s....,,,
,, #.^.......,
,,, ,
#.........,,
,,,,,
#.s.....^.,,,,
, #.........,
, #.@.......
,,, ,,
#.ys......
#.)...(... ,
,, #.........
,, ,,
#....^.... ,
,, ,,
#........., ,
, ,
#^........, ,,
,
##########***
* *


You could see a spark wasp, 2 demonic crawlers and a wolf spider.

Vanquished Creatures
  Saint Roka (Orc:2)
  Arachne (Spider:2)
  Rupert (Lair:7)
  Kirke (Lair:6)
  Agnes (Spider:3)
  Donald (Orc:2)
  Maud (Lair:3)
  An orc warlord (Orc:2)
  Aizul (Spider:1)
  A ghost moth (Spider:2)
  Azrael (Orc:2)
  4 ettins
  2 vault guards
  A minotaur (Lab)
  A fire dragon (D:14)
  A deep elf high priest (D:12)
  7 hydras
  An entropy weaver (Spider:2)
  A hell beast (D:10)
  9 centaur warriors
  Erica (Lair:1)
  3 death yaks
  A tengu warrior (D:12)
  An orc high priest (Orc:2)
  A shadow wraith (D:14)
  2 deep trolls (D:14)
  5 unseen horrors
  A giant orange brain (D:15)
  A wizard (D:15)
  4 hill giants
  15 wolf spiders
  3 orc knights (Orc:2)
  An orb spider (shapeshifter) (D:15)
  5 orb spiders
  5 cyclopes
  3 hornets (Spider:3)
  5 orc sorcerers (Orc:2)
  5 ugly things
  A manticore (Lair:5)
  A moth of wrath (Spider:3)
  2 centaur zombies
  3 black mambas
  2 griffons
  3 gargoyles
  An octopode (shapeshifter) (D:15)
  A rust devil (D:10)
  3 elephants (Lair:7)
  A torpor snail (shapeshifter) (D:15)
  2 ice statues (IceCv)
  A torpor snail (Lair:5)
  10 spiny frogs
  A kobold demonologist (D:12)
  4 demonic crawlers
  6 yaktaurs (D:15)
  5 rime drakes
  7 ice devils (IceCv)
  10 komodo dragons
  An efreet (D:14)
  5 tengu conjurers
  2 spriggan druids
  15 trolls
  27 jumping spiders
  6 polar bears
  A two-headed ogre (D:9)
  Prince Ribbit (D:6)
  6 slime creatures
  A two-headed ogre (shapeshifter) (D:14)
  Grinder (D:3)
  21 blink frogs
  2 minotaur skeletons (Lab)
  Sigmund (D:4)
  The ghost of Yermak the Sneak, an amateur KoAs of Ashenzari (D:4)
  47 redbacks
  13 spriggans (Lair:8)
  4 wyverns
  A tarantella (shapeshifter) (D:15)
  Eustachio (D:4)
  A hill giant zombie (D:9)
  3 shadows
  2 hogs (Lair:6)
  16 tarantellas
  9 basilisks
  54 yaks
  18 hippogriffs
  2 fire elementals (Orc:2)
  5 vampire mosquitoes (D:12)
  5 hungry ghosts
  3 steam dragons
  A mottled dragon (D:14)
  3 wargs
  12 water moccasins
  5 hell hounds (Orc:2)
  17 porcupines
  Duvessa (D:5)
  7 black bears (Lair:8)
  5 phantoms
  6 sky beasts
  2 ice beasts
  24 orc warriors
  2 wasps
  2 necrophages (D:9)
  6 ogres
  37 wolves
  20 centaurs
  18 crocodiles
  Blork the orc (D:5)
  25 giant frogs
  4 big kobolds
  Dowan (D:5)
  A gnoll sergeant (D:11)
  2 wyvern skeletons (D:14)
  7 scorpions
  12 killer bees
  9 wights
  4 electric eels
  A howler monkey (D:6)
  11 crimson imps
  A giant frog zombie (D:6)
  A quasit (D:6)
  7 hounds
  6 jellies
  37 orc wizards
  3 centaur skeletons
  22 orc priests
  4 giant frog skeletons
  A gnoll shaman (D:7)
  11 iguanas
  10 iron imps (D:10)
  Natasha (twice) (D:3)
  15 worker ants
  24 sheep
  7 ogre zombies (D:9)
  A hound zombie (D:9)
  A hound skeleton (D:8)
  13 mummies (Ossuary)
  Robin (D:4)
  2 worker ant zombies
  21 gnolls
  13 adders
  38 river rats
  8 shadow imps
  8 white imps (IceCv)
  6 ufetubi (IceCv)
  5 oozes
  An adder zombie (D:9)
  2 adder skeletons
  5 worms
  A dart slug (D:2)
  9 giant geckos
  84 orcs
  8 bats
  6 giant cockroaches
  7 hobgoblins
  7 jackals
  6 kobolds
  8 quokkas
  A giant gecko skeleton (D:5)
  3 giant newts
  2 gnoll skeletons (Ossuary)
  27 goblins
  A goblin skeleton (Ossuary)
  4 goblin zombies (D:9)
  2 hobgoblin skeletons (D:9)
  A jackal zombie (D:6)
  2 kobold skeletons (Ossuary)
  4 orc skeletons
  18 orc zombies (D:9)
  5 rats
  11 rat skeletons (Ossuary)
1178 creatures vanquished.

Vanquished Creatures (collateral kills)
  A hill giant (D:11)
  An orb spider (Spider:3)
  A redback (Spider:3)
  An ogre (D:9)
4 creatures vanquished.

Vanquished Creatures (others)
  3 humans (Lair:6)
  A warg (Orc:2)
  A water moccasin (Lair:6)
  A centaur (D:15)
  6 river rats (Lair:6)
  2 white imps (IceCv)
  An ufetubus (IceCv)
  32 fungi
  7 plants
54 creatures vanquished.

Grand Total: 1236 creatures vanquished

Notes
Turn   | Place    | Note
--------------------------------------------------------------
     0 | D:1      | mistymad the Vampire Enchanter began the quest for the Orb.
     0 | D:1      | Reached XP level 1. HP: 13/13 MP: 3/3
   923 | D:2      | Reached XP level 2. HP: 12/20 MP: 1/5
   931 | D:2      | Learned a level 2 spell: Ensorcelled Hibernation
  1039 | D:2      | Found a glowing golden altar of the Shining One.
  1042 | D:2      | Found a blossoming altar of Fedhas.
  1045 | D:2      | Found a stormy altar of Qazlal.
  1072 | D:2      | Reached skill level 5 in Stealth
  1075 | D:2      | Reached XP level 3. HP: 21/25 MP: 3/6
  1274 | D:2      | Learned a level 3 spell: Confuse
  1311 | D:2      | Found a faded altar of an unknown god.
  1926 | D:2      | Reached skill level 5 in Hexes
  2215 | D:2      | Reached XP level 4. HP: 27/31 MP: 7/7
  2401 | D:2      | Reached skill level 1 in Fighting
  2625 | D:3      | Noticed Natasha
  2867 | D:3      | Reached XP level 5. HP: 37/37 MP: 9/9
  3388 | D:3      | Learned a level 3 spell: Tukima's Dance
  3486 | D:3      | Killed Natasha
  3696 | D:3      | Noticed Grinder
  3710 | D:3      | Killed Grinder
  3710 | D:3      | Reached skill level 6 in Stealth
  3710 | D:3      | Reached XP level 6. HP: 42/44 MP: 6/10
  3743 | D:3      | Noticed Natasha
  3753 | D:3      | Killed Natasha
  3826 | D:4      | Noticed Yermak's ghost (amateur KoAs)
  3942 | D:4      | Killed Yermak's ghost
  3942 | D:4      | Reached XP level 7. HP: 39/51 MP: 1/12
  4071 | D:4      | Noticed Robin
  4100 | D:4      | Found an ancient bone altar of Kikubaaqudgha.
  4106 | D:4      | Found a radiant altar of Vehumet.
  4109 | D:4      | Found a deep blue altar of Sif Muna.
  4115 | D:4      | Identified Vehumet's Papyrus of Attacks
  4121 | D:4      | Noticed Eustachio
  4124 | D:4      | Noticed Sigmund
  4140 | D:4      | Killed Eustachio
  4140 | D:4      | Reached skill level 7 in Stealth
  4196 | D:4      | Found a sand-covered staircase.
  4205 | D:4      | Killed Sigmund
  4219 | Ossuary  | Entered an ossuary
  4376 | Ossuary  | Reached XP level 8. HP: 46/58 MP: 10/14
  5020 | D:4      | Found a shimmering altar of Xom.
  5021 | D:4      | Found a burning altar of Makhleb.
  5060 | D:4      | Got a steaming helmet
  5071 | D:4      | Identified the +1 helmet "Piuzoza" {rElec Dex+2 SInv} (You found it on level 4 of the Dungeon)
  5147 | D:4      | Killed Robin
  5396 | D:4      | Reached skill level 8 in Stealth
  5578 | D:5      | Entered Level 5 of the Dungeon
  5578 | D:5      | Noticed Blork the orc
  5595 | D:5      | Killed Blork the orc
  5652 | D:5      | Learned a level 3 spell: Dazzling Spray
  5671 | D:5      | Found a hide-covered altar of Uskayaw.
  6130 | D:5      | Reached skill level 5 in Short Blades
  6153 | D:5      | Found a shattered altar of Ashenzari.
  6161 | D:5      | Reached skill level 5 in Dodging
  6176 | D:5      | Became a worshipper of Ashenzari the Shackled
  6193 | D:5      | Found a staircase to the Ecumenical Temple.
  6210 | Temple   | Entered the Ecumenical Temple
  6264 | D:5      | Noticed Dowan
  6265 | D:5      | Noticed Duvessa
  6660 | D:5      | Killed Duvessa
  6989 | D:5      | Killed Dowan
  7078 | D:6      | Got the cursed pair of gloves "Peot" {rF+ MR+ Str+2}
  7089 | D:6      | Identified the cursed -7 pair of gloves "Peot" {rF+ MR+ Str+2} (You found it on level 6 of the Dungeon)
  7098 | D:6      | Reached XP level 9. HP: 65/65 MP: 16/16
  7229 | D:6      | Reached skill level 9 in Stealth
  7433 | D:7      | Reached skill level 5 in Spellcasting
  7643 | D:7      | Found a shimmering altar of Xom.
  7643 | D:7      | Found a shimmering altar of Xom.
  7643 | D:7      | Found a shimmering altar of Xom.
  7643 | D:7      | Found a shimmering altar of Xom.
  7643 | D:7      | Found a shimmering altar of Xom.
  7643 | D:7      | Found a shimmering altar of Xom.
  7643 | D:7      | Found a shimmering altar of Xom.
  7669 | D:6      | Noticed Prince Ribbit
  7693 | D:6      | Killed Prince Ribbit
  8320 | D:7      | Reached * piety under Ashenzari
  8331 | D:7      | Reached skill level 10 in Stealth
  8495 | D:7      | Found a shattered altar of Ashenzari.
  8805 | D:7      | Noticed a black mamba
  8906 | D:8      | Noticed a cyclops
  8942 | D:8      | Killed a cyclops
  8942 | D:8      | Reached skill level 5 in Fighting
  8942 | D:8      | Reached XP level 10. HP: 47/74 MP: 14/18
  9198 | D:8      | Found a sacrificial altar of Ru.
  9476 | D:8      | Noticed a white ugly thing
  9553 | D:8      | Killed a white ugly thing
  9626 | D:8      | Reached skill level 10 in Hexes
  9633 | D:8      | Reached skill level 11 in Stealth
 10334 | D:9      | Found a staircase to the Lair.
 10343 | D:9      | Found a staircase to the Orcish Mines.
 11007 | D:9      | Found an opulent altar of Gozag.
 11008 | D:9      | Found a glowing silver altar of Zin.
 11153 | D:9      | Reached XP level 11. HP: 77/81 MP: 15/20
 11237 | D:9      | Reached ** piety under Ashenzari
 11441 | D:9      | Found an iron altar of Okawaru.
 11633 | D:10     | Entered Level 10 of the Dungeon
 12054 | D:10     | Noticed a hill giant
 12067 | D:10     | Killed a hill giant
 12246 | D:10     | Reached skill level 12 in Stealth
 12272 | D:10     | Found a blossoming altar of Fedhas.
 12705 | D:10     | Found a one-way gate to the infinite horrors of the Abyss.
 12706 | D:10     | Noticed a hell beast
 12924 | Lair:1   | Entered Level 1 of the Lair of Beasts
 13103 | Lair:1   | Noticed Erica
 13117 | Lair:1   | Killed Erica
 13332 | Lair:1   | Got the uncursed ring mail of Compression {rPois Int+3 Dex+4}
 13641 | Lair:1   | Identified the +5 ring mail of Compression {rPois Int+3 Dex+4} (You found it on level 1 of the Lair of Beasts)
 14236 | Lair:2   | Reached XP level 12. HP: 91/91 MP: 23/23
 14592 | Lair:3   | Noticed Maud
 14599 | Lair:3   | Killed Maud
 14706 | Lair:3   | Reached skill level 13 in Stealth
 15213 | Lair:4   | Reached *** piety under Ashenzari
 16007 | Lair:5   | Found a hole to the Spider Nest.
 16492 | Lair:5   | Found a staircase to the Shoals.
 16548 | Lair:5   | Reached skill level 10 in Dodging
 16576 | Lair:5   | Reached skill level 1 in Conjurations
 17156 | Lair:5   | Reached skill level 10 in Short Blades
 17356 | Lair:2   | Reached skill level 14 in Stealth
 17702 | Lair:6   | Found a staircase to the Slime Pits.
 17761 | Lair:6   | Noticed Kirke
 17923 | Lair:6   | Noticed a seven-headed hydra
 17931 | Lair:6   | Reached XP level 13. HP: 98/99 MP: 12/25
 18687 | Lair:7   | Noticed Rupert
 18720 | Lair:7   | HP: 3/99 [Rupert/executioner's axe of chopping (6)]
 19411 | Lair:7   | Reached **** piety under Ashenzari
 19674 | Lair:8   | Entered Level 8 of the Lair of Beasts
 20365 | Lair:8   | Identified the +4 chain mail "Rebaful" {rF++ MR+ Str-2 Stlth+}
 20461 | Lair:8   | Reached skill level 15 in Stealth
 22746 | Lair:8   | Reached skill level 10 in Spellcasting
 22780 | Lair:8   | Reached XP level 14. HP: 109/109 MP: 28/28
 22884 | Lair:8   | Identified the amulet "Gifeipp" {+Rage MR++ Dex+3} (You found it on level 8 of the Lair of Beasts)
 23218 | Lair:7   | Killed Rupert
 23218 | Lair:7   | Reached skill level 1 in Shields
 23414 | Lair:6   | Killed Kirke
 23807 | Orc:1    | Entered Level 1 of the Orcish Mines
 23885 | Orc:1    | Found a frozen archway.
 23911 | IceCv    | Entered an ice cave
 25590 | IceCv    | Reached skill level 10 in Fighting
 26410 | Orc:2    | Entered Level 2 of the Orcish Mines
 26410 | Orc:2    | Noticed Donald
 26414 | Orc:2    | Reached skill level 16 in Stealth
 26426 | Orc:2    | Killed Donald
 26530 | Orc:2    | Noticed an orc warlord
 26833 | Orc:2    | Found a roughly hewn altar of Beogh.
 27060 | Orc:2    | Noticed Azrael
 27098 | Orc:2    | Killed Azrael
 27112 | Orc:2    | Found a staircase to the Elven Halls.
 27409 | Orc:2    | Reached skill level 15 in Hexes
 27424 | Orc:2    | Killed an orc warlord
 27707 | Orc:2    | Found Idiotim's Antique Weapon Shop.
 27892 | Orc:2    | Found Akoc's General Store.
 27908 | Orc:2    | Found Iwoas's Antique Armour Shop.
 27916 | Orc:2    | Bought a blackened ring mail for 162 gold pieces
 27929 | Orc:2    | Identified the +1 ring mail of the Snake Pit {rC+} (You bought it in a shop on level 2 of the Orcish Mines)
 27947 | Orc:2    | Found Fialasmo's Jewellery Shop.
 28066 | Orc:2    | Found a roughly hewn altar of Beogh.
 28262 | Orc:2    | Noticed Saint Roka
 28274 | Orc:2    | Killed Saint Roka
 28486 | Orc:2    | Bought a scroll of identify for 32 gold pieces
 28486 | Orc:2    | Bought a scroll of remove curse for 48 gold pieces
 28486 | Orc:2    | Bought a scroll of identify for 32 gold pieces
 28486 | Orc:2    | Bought a scroll of remove curse for 48 gold pieces
 28486 | Orc:2    | Bought a scroll of remove curse for 48 gold pieces
 28522 | Orc:2    | Bought a runed buckler for 81 gold pieces
 29368 | D:11     | Reached XP level 15. HP: 113/117 MP: 29/29
 29731 | D:11     | Found Pehat's Magic Scroll Emporium.
 29746 | D:11     | Bought a scroll of identify for 32 gold pieces
 29746 | D:11     | Bought a scroll of remove curse for 48 gold pieces
 30066 | D:11     | Reached skill level 1 in Armour
 30364 | D:12     | Identified a scroll of acquirement
 31183 | D:12     | Reached skill level 17 in Stealth
 31210 | D:12     | Reached skill level 5 in Shields
 31340 | D:13     | Reached ***** piety under Ashenzari
 31418 | D:13     | Found a labyrinth entrance.
 31493 | Lab      | Entered a labyrinth
 32547 | Lab      | Identified The Last Secrets of the Arcane Arts
 32549 | Lab      | Identified the cursed +1 scale mail "Lerimowu" {rC+ rN+ Int+2} (You found it in a labyrinth)
 32562 | Lab      | Learned a level 6 spell: Darkness
 32568 | Lab      | Learned a level 5 spell: Silence
 32593 | Lab      | Identified the +3 pair of boots of Divine Compulsion {*Drain +Inv Str+5} (You found it in a labyrinth)
 32602 | Lab      | Identified the cursed +0 short sword of Anuhyib {venom, Str+4} (You found it in a labyrinth)
 33210 | D:13     | Identified the +10 flail of Desertification {elec, rC+ Int+4} (You found it on level 1 of the Lair of Beasts)
 33609 | Lair:8   | Reached skill level 1 in Evocations
 34173 | D:13     | Found an oddly glowing altar of Pakellas.
 34173 | D:13     | Found Pakellas's Prime Provisions.
 34576 | D:14     | Identified the +4 arbalest of a wizard's laboratory {velocity, rElec MP-9 Dex+3}
 34705 | D:14     | Reached skill level 15 in Dodging
 34898 | D:14     | Found a gate to the Vaults.
 35141 | D:14     | Found a runed door.
 35600 | D:15     | Entered Level 15 of the Dungeon
 35607 | D:15     | Reached XP level 16. HP: 125/125 MP: 31/31
 35716 | D:15     | Found a portal to a secret trove of treasure.
 36229 | D:15     | Found a staircase to the Depths.
 36229 | D:15     | Noticed a storm dragon
 36229 | D:15     | a death yak changed into a storm dragon
 36236 | D:15     | a storm dragon changed into a minotaur
 36815 | Spider:1 | Entered Level 1 of the Spider Nest
 36841 | Spider:1 | Noticed Roxanne
 36945 | Spider:1 | Noticed Aizul
 36950 | Spider:1 | Killed Aizul
 37058 | Spider:1 | Reached skill level 18 in Stealth
 38366 | Spider:2 | Noticed Arachne
 38379 | Spider:2 | Killed Arachne
 39137 | Spider:2 | Identified the +1 ring mail "Fippir" {Regen+}
 39358 | Spider:3 | Reached skill level 5 in Armour
 39618 | Spider:3 | Noticed Agnes
 39624 | Spider:3 | Killed Agnes
 39941 | Spider:3 | Reached skill level 5 in Evocations
 40550 | Spider:4 | Entered Level 4 of the Spider Nest
 40567 | Spider:4 | HP: 2/127 [demonic crawler (7)]
 40568 | Spider:4 | Mangled by a spark wasp

Vault maps used:
D:1:      minmay_arrival_nine_rooms, serial_bayou_pond_a
D:2:      grunt_temple_overflow_diamond, ecumenical_altar_1
D:3:      kennysheep_the_goblin_king, uniq_grinder, uniq_natasha
D:4:      grunt_temple_overflow_magic_moments,
          grunt_temple_overflow_champion_of_chaos, first_bread, enter_ossuary_5,
          uniq_eustachio, uniq_sigmund, uniq_robin
D:5:      kennysheep_mini_moat, minmay_temple_entry_glassed_door, basic_altar,
          uniq_duvessa, uniq_blork_the_orc
D:6:      uniq_prince_ribbit1
D:7:      ashenzari_altar_1, xom_shifter_show
D:8:      minmay_opposing_rooms, nicolae_ru_sacrificial_ziggurat
D:9:      minmay_four_partial_circles, grunt_temple_overflow_gold_and_silver,
          okawaru_altar_gauntlet_db, lair_0_dummy, zombieorc2_lemuel
D:10:     basic_altar, lemuel_hellish_altar
D:11:     serial_shops, nicolae_shop_crystal
D:12:     kennysheep_green_arena
D:13:     lab_entry_generic, hangedman_ranch, johnstein_pakellas_shop
D:14:     david_vaults_4, infiniplex_staircase_hallway_doors,
          minmay_hidden_floor
D:15:     gammafunk_enter_depths_forms, enter_trove_5, interstate_on_off,
          minmay_misc_feat_x
Temple:   temple_eino_lava_8
Lair:1:   uniq_erica
Lair:2:   serial_forest, infiniplex_forest_clump_medium,
          infiniplex_forest_lined_2, infiniplex_forest_end_2,
          infiniplex_forest_straight_3, infiniplex_forest_clump_tiny,
          grunt_megastairs_5, infiniplex_staircase_pool_2
Lair:3:   kennysheep_basilisk_garden, uniq_maud
Lair:4:   serial_bayou_shore_a
Lair:5:   minmay_shoals_entry_beasts, spider_nest_entry_funnel_web,
          infiniplex_staircase_pool, grunt_megastairs_1
Lair:6:   nicolae_slime_entry_slimehenge, st_stairs_5, uniq_kirke
Lair:7:   uniq_rupert
Lair:8:   minmay_lair_end_enchanted_forest, grunt_megastairs_2
Spider:1: uniq_roxanne, uniq_aizul
Spider:2: uniq_arachne
Spider:3: uniq_agnes
Spider:4: johnstein_spider_rune_arachne_lair, spider_trap,
          guppyfry_spider_mini_2, uniq_wiglaf
Orc:1:    portal_ice_cave_entry_pillars_2
Orc:2:    grunt_orc_cross, mines1_david, uniq_donald, uniq_saint_roka,
          uniq_azrael
Lab:      nicolae_lab_blocks, nicolae_lab_lava, lab_statue,
          nicolae_lab_checkerboard
Ossuary:  ossuary_due_small_catacomb
IceCv:    ice_cave_small_demon

Skill      XL: |  1  2  3  4  5  6  7  8  9 10 11 12 13 14 15 16 |
---------------+-------------------------------------------------+-----
Stealth        | 5 6 7 8 10 11 12 14 15 16 17 18 | 18.7
Short Blades   | 2 3 4 5 6 7 9 10 | 10.0
Hexes          | 5 6 7 8 9 10 11 13 14 15 16 | 16.6
Fighting       | 1 2 3 5 6 7 8 9 10 11 | 11.8
Dodging        | 3 4 5 6 7 9 10 12 14 15 16 | 16.5
Spellcasting   | 3 4 5 6 7 8 10 11 | 11.1
Conjurations   | 1 |  1.6
Shields        | 4 6 7 |  7.5
Armour         | 3 5 |  5.4
Evocations     | 2 5 |  5.0

Action                   |  1- 3 |  4- 6 |  7- 9 | 10-12 | 13-15 | 16-18 || total
-------------------------+-------+-------+-------+-------+-------+-------++-------
Melee: Dagger            |   106 |   163 |   495 |   890 |  1551 |       ||  3205
       Bite              |     5 |    12 |    41 |   122 |   387 |   155 ||   722
       Double sword      |       |       |       |       |    20 |       ||    20
       Quick blade       |       |       |       |       |   685 |   827 ||  1512
 Cast: Corona            |     2 |       |       |       |     1 |       ||     3
       Ensorcelled Hiber |    12 |     7 |    41 |    85 |   100 |     3 ||   248
       Confuse           |     4 |    13 |    56 |   105 |   151 |    26 ||   355
       Tukima's Dance    |       |       |       |     2 |     4 |       ||     6
       Dazzling Spray    |       |       |       |       |    60 |    17 ||    77
Invok: Curse Item        |       |       |     1 |     1 |     5 |       ||     7
 Abil: End Transformatio |       |       |       |     1 |       |       ||     1
       Bat Form          |       |       |       |     1 |       |       ||     1
Evoke: Wand              |       |       |       |     1 |     7 |     5 ||    13
  Use: Potion            |     4 |     2 |    10 |    11 |    19 |     7 ||    53
       Scroll            |       |       |     1 |     9 |    21 |     4 ||    35
 Stab: Sleeping          |    13 |    14 |    64 |   109 |   125 |    20 ||   345
       Confused          |       |     8 |    39 |    47 |    91 |    11 ||   196
       Distracted        |       |     1 |     3 |     5 |     6 |     4 ||    19
       Invisible         |       |       |       |       |    26 |     9 ||    35
Armor: Robe              |    34 |    41 |    48 |    11 |     7 |       ||   141
       Skin              |       |       |       |    15 |       |       ||    15
       Ring mail         |       |       |       |    57 |   210 |       ||   267
       Chain mail        |       |       |       |       |    46 |       ||    46
       Scale mail        |       |       |       |       |    26 |   114 ||   140
Dodge: Dodged            |   105 |    76 |   230 |   503 |  1128 |   522 ||  2564
Block: Buckler           |       |       |       |       |   402 |   237 ||   639
       Shield            |       |       |       |       |    11 |       ||    11
